Map: Lightshade LE

Players

Reynor - Winner!

  • Race: Zerg Zerg
  • Spawn Location: 5:00

maru

  • Race: Terran Terran
  • Spawn Location: 11:00

Event: ASUS ROG Online 2020

VOD

Have the link to the VOD?

Description

Time

  • Played on: Nov. 29, 2020, 11:49 a.m.
  • Length: 9:27

All games in this series

Show
View Real Time Build Order
Export as new Build Order

Reynor Zerg - Winner!

Build Orders: Hatch First 

Get SALT Encoding   

  12  0:00  Drone  
  13  0:12  Overlord  
  13  0:17  Drone  
  14  0:31  Drone x2  
  16  0:48  Hatchery  
  15  0:51  Drone  
  15  0:55  Drone  
  17  0:59  Drone  
  18  1:14  Spawning Pool  
  18  1:18  Drone  
  18  1:23  Drone  
  19  1:29  Drone  
  20  1:41  Drone  
  20  1:45  Extractor  
  20  2:01  Queen x2  
  20  2:07  Zergling x2  
  25  2:09  Zergling x2  
  26  2:17  Overlord  
  26  2:22  Drone  
  27  2:27  Drone  
  28  2:36  Drone x2  
  30  2:37  Drone  
  30  2:43  Drone  
  31  2:44  Drone  
  31  2:51  Metabolic Boost  
  31  3:01  Drone  
  32  3:08  Drone  
  32  3:09  Extractor  
  33  3:14  Hatchery  
  33  3:16  Drone x2  
  34  3:22  Overlord  
  34  3:24  Drone  
  34  3:26  Drone  
  36  3:32  Roach Warren  
  35  3:35  Drone  
  36  3:44  Drone x4  
  40  3:51  Overlord  
  40  3:54  Drone  
  41  4:03  Overlord  
  41  4:13  Roach x4  
  41  4:14  Roach  
  51  4:17  Overlord  
  51  4:19  Extractor  
  51  4:20  Roach  
  51  4:22  Roach  
  51  4:23  Zergling x6  
  58  4:27  Queen  
  58  4:29  Zergling x2  
  58  4:30  Zergling x2  
  62  4:36  Overlord  
  62  4:37  Zergling x4  
  63  4:45  Zergling x8  
  67  4:49  Drone x3  
  67  4:51  Ravager  
  67  4:52  Zergling x4  
  73  4:56  Drone  
  73  4:58  Overlord  
  74  5:01  Drone  
  76  5:07  Drone  
  76  5:14  Drone x2  
  76  5:18  Ravager  
  76  5:19  Drone x2  
  79  5:21  Extractor  
  79  5:22  Queen  
  80  5:30  Overlord  
  80  5:31  Drone x4  
  80  5:32  Drone x2  
  80  5:33  Drone  
  80  5:34  Drone  
  82  5:36  Drone x2  
  82  5:38  Drone  
  82  5:40  Drone  
  82  5:41  Queen, Drone  
  87  5:49  Drone x2  
  82  5:52  Extractor, Drone  
  82  5:56  Spore Crawler  
  77  5:57  Lair  
  77  6:01  Hatchery  
  77  6:03  Drone x3  
  74  6:10  Spore Crawler  
  74  6:11  Drone  
  74  6:12  Spore Crawler, Drone x5  
  74  6:13  Spore Crawler  
  77  6:20  Drone x2, Evolution Chamber  
  77  6:21  Drone x2, Evolution Chamber  
  79  6:26  Drone x2  
  79  6:28  Zergling x6, Extractor  
  79  6:32  Queen  
  85  6:34  Overlord  
  85  6:35  Extractor  
  85  6:36  Extractor, Drone  
  84  6:42  Overlord  
  84  6:49  Overlord  
  84  6:54  Zerg Ground Armor Level 1, Zerg Missile Weapons Level 1  
  84  6:56  Overseer  
  84  6:57  Drone x3  
  87  7:02  Overlord  
  87  7:04  Spore Crawler  
  87  7:08  Glial Reconstitution  
  86  7:10  Overlord  
  86  7:14  Roach  
  86  7:15  Roach x6  
  100  7:20  Roach  
  102  7:23  Roach x3  
  102  7:26  Roach x6  
  102  7:29  Overlord  
  120  7:31  Pneumatized Carapace  
  120  7:36  Roach x3  
  126  7:42  Overlord  
  125  7:46  Roach x5  
  125  7:50  Roach  
  125  7:51  Roach x2  
  135  7:55  Roach x2  
  135  7:56  Roach  
  141  8:03  Roach x4  
  149  8:06  Overlord  
  149  8:09  Roach x2  
  153  8:13  Overlord x2  
  153  8:29  Roach x3  
  161  8:34  Ravager x6  
  161  8:36  Roach  
  161  8:38  Overlord  
  167  8:42  Drone  
  167  8:43  Drone x4  
  167  8:45  Ravager  
  171  8:49  Roach x2  
  160  8:56  Roach  
  160  8:57  Roach x6  
  171  9:04  Roach x3  
  171  9:05  Roach x2  
Show
View Real Time Build Order
Export as new Build Order

maru Terran 

Build Orders: Reaper Expand, Hellion Banshee 

Get SALT Encoding   

  12  0:00  SCV  
  13  0:12  SCV  
  14  0:18  Supply Depot  
  14  0:24  SCV  
  15  0:40  Barracks  
  15  0:50  Barracks  
  15  0:53  SCV  
  16  1:03  Refinery  
  16  1:05  SCV  
  17  1:17  SCV  
  17  1:29  SCV  
  18  1:34  Marine  
  18  1:42  Orbital Command  
  18  1:52  Reaper  
  19  1:59  Command Center  
  19  2:07  SCV  
  20  2:08  Supply Depot  
  19  2:19  SCV  
  20  2:24  Factory  
  20  2:31  SCV  
  21  2:43  SCV  
  22  2:55  SCV  
  22  2:58  Command Center  
  23  3:08  SCV  
  23  3:10  Factory Reactor  
  24  3:15  Orbital Command  
  24  3:20  SCV  
  25  3:30  Starport, Marine  
  25  3:32  SCV  
  27  3:34  Refinery  
  27  3:41  SCV  
  27  3:44  SCV  
  27  3:47  Hellion x2  
  33  3:49  Barracks Tech Lab  
  33  3:53  SCV  
  34  3:56  SCV  
  35  4:06  SCV  
  35  4:07  Viking  
  35  4:08  SCV  
  35  4:09  Hellion x2  
  43  4:13  Orbital Command  
  43  4:18  SCV  
  43  4:20  SCV  
  43  4:22  Supply Depot  
  45  4:30  SCV  
  46  4:32  SCV  
  46  4:33  Hellion  
  48  4:39  SCV  
  48  4:42  SCV  
  48  4:44  SCV  
  50  4:46  Bunker  
  50  4:49  Bunker  
  50  4:51  SCV  
  50  4:52  Hellion  
  53  4:54  Barracks Tech Lab  
  53  4:56  Banshee, Cloaking Field  
  53  4:59  SCV  
  57  5:05  Hellion  
  59  5:10  Supply Depot, SCV  
  59  5:12  SCV  
  61  5:20  Hellion  
  63  5:22  Supply Depot  
  61  5:30  SCV, Marine  
  61  5:31  Hellion  
  56  5:39  Banshee, Orbital Command  
  56  5:41  Hellion  
  50  5:45  Refinery  
  50  5:47  SCV, Marine  
  50  5:53  Hellion, Stimpack  
  52  5:58  SCV  
  51  6:05  SCV x2, Marine  
  54  6:12  Supply Depot, SCV  
  55  6:20  Barracks, SCV x2  
  55  6:22  Barracks  
  55  6:23  Marine  
  55  6:24  SCV  
  59  6:27  Engineering Bay x2  
  59  6:32  SCV  
  59  6:33  Refinery, SCV  
  59  6:36  Supply Depot, Factory Reactor  
  59  6:37  Orbital Command  
  61  6:45  SCV x2  
  63  6:54  Terran Infantry Weapons Level 1, Terran Infantry Armor Level 1, Starport Reactor  
  63  6:57  SCV x2  
  63  6:58  Refinery  
  63  6:59  Supply Depot  
  63  7:00  Marine  
  66  7:09  Barracks, SCV x3  
  66  7:10  Barracks  
  69  7:21  SCV x3  
  69  7:22  Marine x2  
  72  7:23  Marine x3  
  72  7:26  Siege Tank  
  80  7:31  Medivac x2  
  80  7:33  Supply Depot, SCV x3  
  87  7:39  Combat Shield  
  82  7:44  Marine  
  82  7:45  SCV x3  
  82  7:48  Marine x3  
  84  7:57  Barracks Tech Lab x2, SCV x3  
  87  7:58  Siege Tank  
  87  8:02  Armory  
  87  8:04  Marine x2  
  92  8:07  Supply Depot  
  92  8:09  SCV x2  
  92  8:11  Medivac  
  96  8:16  SCV  
  97  8:22  Supply Depot, Marauder x2  
  97  8:23  Supply Depot x2  
  97  8:25  Marine  
  97  8:27  Marine  
  101  8:28  Marine x2  
  101  8:35  Marauder  
  98  8:41  Concussive Shells  
  98  8:43  Marauder, Marine x2  
  98  8:44  Marine  
  98  8:46  Marine x2  
  103  8:51  SCV  
  90  8:56  Marauder  
  94  9:03  Supply Depot  
Tags
 
Add a new tag
Caveats
  • Supply blocks, unpowered buildings, or Contaminate may cause inaccurate times.
  • Supply counts are checked every 10 seconds.